Map: Thunderbird LE

Players

pHARM - Winner!

  • Race: Zerg Zerg
  • League: Platinum
  • Spawn Location: 11:00

BrendanS

  • Race: Terran Terran
  • League: Platinum
  • Spawn Location: 5:00

VOD

Have the link to the VOD?

Description

Time

  • Played on: Sept. 1, 2019, 8:56 a.m.
  • Length: 13:03
Show
View Real Time Build Order
Export as new Build Order

pHARM Zerg - Winner!

Build Orders: Hatch First 

Get SALT Encoding   

  12  0:01  Drone  
  13  0:14  Overlord  
  13  0:34  Drone  
  13  0:35  Drone  
  15  0:37  Drone  
  16  0:58  Drone  
  16  0:59  Drone  
  16  1:01  Hatchery  
  17  1:10  Drone  
  18  1:15  Spawning Pool  
  17  1:28  Drone  
  18  1:34  Drone  
  19  1:42  Extractor  
  19  1:43  Drone  
  19  1:52  Drone  
  20  2:05  Queen  
  22  2:08  Overlord  
  22  2:18  Queen, Drone x2  
  26  2:25  Drone x2  
  28  2:36  Spine Crawler  
  27  2:38  Drone  
  27  2:39  Drone  
  29  2:47  Drone  
  29  2:48  Drone  
  31  2:58  Lair  
  31  3:01  Drone  
  31  3:02  Drone  
  33  3:09  Drone  
  33  3:10  Drone  
  35  3:29  Drone  
  35  3:31  Baneling Nest  
  35  3:32  Drone  
  36  3:35  Overlord x2  
  36  3:52  Queen  
  38  4:02  Hatchery  
  37  4:07  Drone x11  
  48  4:22  Extractor  
  48  4:23  Extractor  
  48  4:24  Metabolic Boost  
  46  4:29  Queen x2  
  46  4:30  Hydralisk Den  
  49  4:33  Overlord x3  
  49  4:39  Zergling x2  
  49  4:40  Zergling x4  
  44  5:02  Drone x9  
  49  5:44  Drone x4  
  49  5:45  Drone x4  
  49  5:46  Drone  
  58  6:20  Zergling x12  
  58  6:21  Zergling x4  
  58  6:22  Overlord x5  
  58  6:23  Centrifical Hooks  
  66  6:26  Baneling x2  
  66  6:27  Baneling x4  
  66  6:38  Overlord x2  
  66  6:50  Zergling x2, Grooved Spines  
  66  6:51  Zergling x20  
  72  7:11  Pneumatized Carapace  
  71  7:24  Drone x2  
  71  7:25  Drone x10  
  71  7:29  Drone  
  83  7:30  Drone  
  84  7:41  Baneling x20  
  84  7:42  Drone  
  84  7:43  Drone x5  
  90  7:58  Extractor  
  89  7:59  Extractor  
  89  8:01  Muscular Augments  
  89  8:03  Drone  
  89  8:04  Drone x4  
  93  8:22  Zergling x2  
  93  8:23  Zergling x14  
  93  8:24  Overlord  
  101  8:28  Extractor  
  100  8:34  Hatchery  
  100  8:35  Infestation Pit  
  100  8:40  Zergling x14  
  105  8:58  Hydralisk x7  
  112  9:49  Overlord x5  
  112  9:50  Zergling x2  
  112  9:51  Zergling x26  
  126  10:04  Hive  
  126  10:08  Spire  
  125  10:26  Zergling x26  
  125  10:27  Zergling x4  
  140  10:30  Baneling x3  
  140  10:31  Baneling x25  
  140  10:41  Hatchery  
  139  10:47  Hatchery  
  138  10:57  Drone x13  
  150  11:19  Corruptor  
  150  11:20  Corruptor x12  
  172  11:31  Hatchery  
  96  12:43  Drone x5  
  96  12:44  Drone  
  98  12:46  Drone  
  98  12:47  Drone x2  
  98  12:48  Drone x2  
  98  12:49  Drone  
Show
View Real Time Build Order
Export as new Build Order

BrendanS Terran 

Build Orders:  

Get SALT Encoding   

  12  0:01  SCV  
  13  0:13  SCV  
  14  0:18  Supply Depot  
  14  0:25  SCV  
  15  0:33  Refinery  
  15  0:39  SCV  
  16  0:45  Barracks  
  16  0:52  SCV  
  17  1:04  SCV  
  18  1:10  Barracks  
  18  1:16  SCV  
  19  1:29  SCV  
  20  1:33  Marine  
  20  1:35  Factory  
  21  1:41  SCV  
  21  1:45  Refinery  
  22  1:50  Supply Depot  
  22  1:53  SCV  
  23  1:55  Barracks Reactor  
  23  2:12  Marine, SCV  
  25  2:21  Widow Mine  
  27  2:24  SCV  
  28  2:38  Command Center  
  28  2:42  Barracks Tech Lab  
  28  2:53  Hellion  
  28  2:57  Supply Depot  
  30  3:04  Barracks Reactor  
  30  3:10  Starport  
  30  3:23  Marine x2  
  30  3:26  Hellion x2  
  36  3:47  Starport Reactor  
  36  3:56  Orbital Command  
  36  3:58  Orbital Command  
  36  4:12  Hellion x2  
  40  4:20  Marine x2  
  40  4:22  Orbital Command  
  40  4:24  Stimpack  
  42  4:38  Marine x2  
  44  4:56  Marine  
  35  5:09  SCV  
  35  5:12  Hellion x2  
  40  5:18  Medivac  
  40  5:21  SCV  
  43  5:33  SCV, Hellion x2  
  48  5:36  Marine x2  
  50  5:45  SCV  
  51  5:54  Marine, Command Center  
  51  5:55  Hellion  
  54  6:31  Marine, SCV, Hellion x2  
  60  6:33  Supply Depot  
  60  6:37  Supply Depot  
  60  6:43  SCV  
  60  6:44  Marine  
  62  6:55  Marine, Hellion x2, Medivac  
  62  6:57  Supply Depot  
  62  7:00  Supply Depot  
  67  7:02  Marine  
  66  7:13  Marine  
  67  7:17  Hellion x2  
  67  7:19  Marine, Supply Depot  
  72  7:23  Supply Depot  
  72  7:29  SCV  
  73  7:30  Marine  
  73  7:34  Engineering Bay x2  
  74  7:41  SCV  
  76  7:48  Marine  
  76  7:50  Combat Shield  
  76  7:53  SCV x2  
  76  7:55  Starport Tech Lab  
  78  7:59  Fusion Core  
  78  8:04  Armory  
  78  8:05  SCV, Armory  
  79  8:06  SCV, Starport  
  79  8:09  Starport  
  80  8:16  Terran Infantry Armor Level 1, Terran Infantry Weapons Level 1  
  80  8:18  SCV  
  81  8:20  SCV  
  81  8:22  Missile Turret  
  81  8:24  Refinery  
  82  8:28  Refinery  
  82  8:29  SCV  
  82  8:30  SCV  
  84  8:35  Refinery  
  84  8:37  Refinery  
  84  8:42  SCV  
  84  8:43  SCV  
  84  8:44  SCV  
  87  8:54  SCV  
  89  8:55  SCV  
  89  9:02  Starport Tech Lab x2  
  89  9:06  Terran Ship Weapons Level 1, Terran Vehicle And Ship Armor Level 1  
  89  9:07  Weapon Refit  
  83  9:36  SCV  
  76  9:39  Battlecruiser x2  
  76  9:42  Battlecruiser  
  94  9:55  Planetary Fortress  
  94  9:57  Marine  
  94  9:58  Marine x2  
  97  10:04  SCV  
  98  10:15  Marine  
  98  10:16  Marine x2, SCV  
  102  10:26  Hellion x2  
  106  10:28  SCV  
  106  10:33  Marine  
  106  10:34  Marine  
  110  10:40  SCV  
  110  10:48  Hellion x2  
  114  10:51  Marine x2  
  114  10:52  SCV  
  117  11:04  Battlecruiser  
  117  11:05  SCV  
  124  11:58  Hellion x2  
  62  12:19  Hellion x2  
Tags
 
Matchup
TvZ
Replay Pack
10.7.19
Spawn Locations
Cross Positions
Add a new tag
Caveats
  • Supply blocks, unpowered buildings, or Contaminate may cause inaccurate times.
  • Supply counts are checked every 10 seconds.